Map: Efflorescence LE

Players

OpuS - Winner!

  • Race: Protoss Protoss
  • League: Platinum
  • Spawn Location: 12:00

Sketchaphone - Winner!

  • Race: Zerg Zerg
  • League: Platinum
  • Spawn Location: 3:00

Zenfluence

  • Race: Protoss Protoss
  • League: Silver
  • Spawn Location: 6:00

Katanroach

  • Race: Zerg Zerg
  • Spawn Location: 9:00

VOD

Have the link to the VOD?

Description

Time

  • Played on: Feb. 4, 2019, 8:22 p.m.
  • Length: 6:47
Show
View Real Time Build Order
Export as new Build Order

OpuS Protoss - Winner!

Build Orders: Oracle Opening 

Get SALT Encoding   

  12  0:01  Probe  
  13  0:13  Probe  
  14  0:21  Pylon  
  14  0:25  Probe  
  15  0:39  Probe  
  16  0:45  Gateway  
  16  0:47  Probe  
  16  0:55  Probe  
  17  0:59  Assimilator  
  18  1:07  Gateway  
  18  1:08  Probe  
  19  1:17  Probe  
  20  1:37  Probe  
  21  1:40  Cybernetics Core  
  21  1:43  Pylon  
  21  1:50  Probe  
  22  1:55  Pylon  
  22  2:01  Zealot  
  22  2:05  Probe  
  22  2:07  Assimilator  
  25  2:17  Probe  
  25  2:22  Warp Gate  
  26  2:40  Stargate  
  25  2:46  Zealot x2  
  29  2:51  Gateway  
  29  2:55  Pylon  
  29  2:56  Probe  
  30  3:07  Stalker x2  
  34  3:20  Probe  
  34  3:26  Oracle  
  38  3:46  Adept x3  
  44  4:18  Pylon  
  44  4:20  Pylon  
  44  4:35  Zealot  
  44  4:36  Zealot, Void Ray  
  44  4:37  Zealot  
  54  4:44  Twilight Council  
  54  4:56  Probe  
  53  5:08  Probe  
  54  5:14  Pylon  
  54  5:15  Twilight Council  
  54  5:23  Void Ray  
  54  5:27  Nexus  
  58  5:39  Pylon  
  58  6:07  Pylon  
  58  6:09  Pylon  
  52  6:27  Probe  
  52  6:42  Zealot x2  
  52  6:43  Zealot  
Show
View Real Time Build Order
Export as new Build Order

Sketchaphone Zerg - Winner!

Build Orders: Hatch First 

Get SALT Encoding   

  12  0:01  Drone  
  13  0:12  Overlord  
  14  0:21  Drone  
  14  0:27  Drone, Extractor  
  15  0:35  Drone  
  16  0:38  Drone  
  17  1:00  Drone  
  17  1:01  Hatchery  
  17  1:04  Extractor  
  17  1:11  Drone  
  17  1:12  Drone  
  18  1:25  Drone  
  19  1:29  Spawning Pool  
  19  1:31  Drone  
  19  1:43  Drone  
  20  1:49  Overlord  
  20  2:05  Drone  
  21  2:15  Queen  
  21  2:16  Metabolic Boost  
  21  2:18  Queen  
  25  2:23  Spine Crawler  
  25  2:28  Drone x2  
  26  2:37  Drone  
  26  2:41  Drone  
  28  2:45  Drone  
  29  3:01  Overlord  
  29  3:02  Overlord  
  29  3:18  Overlord, Evolution Chamber  
  29  3:19  Drone  
  30  3:20  Drone  
  30  3:23  Zergling x4  
  32  3:29  Zergling x2  
  32  3:33  Zergling x2  
  28  3:37  Zergling x2  
  21  3:41  Zergling x2  
  21  3:47  Spine Crawler, Zergling x2  
  14  4:05  Drone x2  
  14  4:06  Drone  
  16  4:17  Baneling Nest  
  16  4:18  Zergling x2  
  16  4:23  Zergling x2  
  17  4:24  Drone  
  18  4:31  Zergling x2  
  19  4:45  Zergling x6  
  21  4:54  Zergling x4  
  23  5:09  Drone x3  
  26  5:34  Drone x5  
  26  5:35  Drone x2  
  33  5:38  Baneling  
  33  5:55  Queen  
  33  5:56  Drone x4  
  35  6:26  Drone x5  
  35  6:27  Drone  
  43  6:46  Extractor  
Show
View Real Time Build Order
Export as new Build Order

Zenfluence Protoss 

Build Orders:  

Get SALT Encoding   

  12  0:02  Probe  
  13  0:15  Pylon  
  13  0:22  Probe  
  14  0:31  Probe  
  15  0:36  Gateway  
  15  0:39  Probe  
  15  0:46  Assimilator  
  16  0:51  Probe  
  17  0:57  Assimilator  
  17  1:03  Probe  
  18  1:11  Gateway  
  18  1:15  Probe  
  19  1:26  Cybernetics Core  
  19  1:27  Probe  
  20  1:39  Probe  
  21  1:43  Pylon  
  21  1:44  Warp Gate  
  21  1:51  Probe  
  22  2:03  Stalker  
  22  2:06  Stalker  
  26  2:45  Pylon  
  26  2:53  Nexus  
  26  3:06  Stalker x2  
  30  3:18  Gateway  
  30  3:21  Gateway  
  26  4:16  Probe x2  
  28  4:24  Probe x2  
  30  4:33  Robotics Facility  
  30  4:34  Probe x2  
  30  4:35  Pylon, Zealot  
  30  4:36  Zealot x2  
  38  4:42  Stalker  
  40  4:46  Probe x2  
  41  4:58  Probe x2  
  43  5:00  Stalker x2  
  47  5:10  Probe x2  
  49  5:20  Observer  
  49  5:22  Probe  
  51  5:30  Stalker  
  53  5:37  Immortal  
  57  5:43  Probe  
  57  5:44  Probe  
  57  5:47  Twilight Council  
  57  5:49  Assimilator  
  59  5:52  Assimilator  
  59  5:56  Probe x2  
  61  6:08  Probe  
  32  6:39  Stalker x2  
  36  6:40  Stalker x2  
Show
View Real Time Build Order
Export as new Build Order

Katanroach Zerg 

Build Orders: Hatch First 

Get SALT Encoding   

  12  0:01  Drone  
  13  0:12  Overlord  
  13  0:18  Drone  
  14  0:30  Drone  
  14  0:31  Drone  
  14  0:34  Drone  
  17  0:55  Hatchery  
  16  0:59  Extractor  
  15  1:10  Spawning Pool  
  14  1:13  Drone  
  14  1:18  Drone  
  16  1:24  Drone  
  16  1:25  Drone  
  18  1:35  Drone  
  19  1:45  Overlord  
  19  1:57  Queen  
  21  2:02  Metabolic Boost  
  21  2:07  Queen  
  23  2:14  Zergling x4  
  25  2:21  Zergling x4  
  27  2:27  Zergling x2  
  28  2:35  Zergling x2  
  28  2:36  Zergling x2  
  30  2:39  Overlord  
  30  2:53  Overlord  
  30  2:54  Zergling x4  
  32  3:00  Zergling x2  
  32  3:01  Zergling x2  
  34  3:07  Zergling x2  
  35  3:14  Zergling x6  
  35  3:15  Zergling x2  
  39  3:21  Zergling x2  
  40  3:32  Zergling x8  
  41  3:36  Zergling x2  
  38  3:42  Zergling x2  
  35  3:51  Zergling x6  
  35  3:52  Zergling x2  
  38  4:02  Zergling x4  
  38  4:03  Zergling x4  
  38  4:04  Zergling x2  
  38  4:20  Zergling x2  
  38  4:21  Drone x4  
  41  4:26  Drone  
  41  4:27  Drone  
  39  4:32  Drone  
  39  4:33  Drone x2  
  40  4:46  Queen x2  
  40  4:48  Drone x3  
  40  4:50  Spore Crawler  
  40  4:54  Spore Crawler  
  40  4:56  Drone  
  40  5:06  Overlord  
  38  5:07  Drone  
  38  5:08  Drone x3  
  38  5:09  Drone  
  43  5:15  Extractor  
  43  5:16  Extractor  
  43  5:17  Extractor  
  40  5:35  Drone x2  
  42  5:36  Drone x4  
  46  5:46  Overlord x2  
  46  5:58  Overlord x2  
  46  6:05  Zergling x10  
  51  6:12  Zergling x8  
  51  6:15  Zergling x2  
  57  6:25  Zergling x4  
  57  6:26  Zergling x4  
  57  6:30  Zergling x2  
Tags
 
Add a new tag
Caveats
  • Supply blocks, unpowered buildings, or Contaminate may cause inaccurate times.
  • Supply counts are checked every 10 seconds.